 Dungeon Crawl Stone Soup version 0.23.0 (webtiles) character file.

Game seed: 17907834864254209361

30 Masnef the Skirmisher (level 3, 0/26 HPs)
             Began as an Octopode Abyssal Knight on Feb 16, 2019.
             Was a Follower of Lugonu.
             Slain by Natasha (4 damage)
             ... on level 2 of the Dungeon.
             The game lasted 00:02:15 (921 turns).

Masnef the Skirmisher (Octopode Abyssal Knight)      Turns: 921, Time: 00:02:15

Health: 0/26       AC:  1    Str: 11    XL:     3   Next: 20%
Magic:  4/4        EV: 13    Int: 15    God:    Lugonu [*.....]
Gold:   29         SH:  0    Dex: 11    Spells: 2/2 levels left

rFire    . . .     SeeInvis .   a - +2 mace
rCold    . . .     Gourm    .   (no shield)
rNeg     . . .     Faith    .   (helmet restricted)
rPois    .         Spirit   .   (no amulet)
rElec    .         Reflect  .   (no ring)
rCorr    .         Harm     .   (no ring)
MR       .....                  (no ring)
Stlth    +++.......             (no ring)
HPRegen  0.08/turn              (no ring)
MPRegen  0.09/turn              (no ring)
                                (no ring)
                                (no ring)

@: slowed, very slow
A: almost no armour, stealthy swim, amphibious, 8 rings, constrict 8, camouflage
1, gelatinous body 1
a: Depart the Abyss, Renounce Religion


You were on level 2 of the Dungeon.
You worshipped Lugonu.
Lugonu was aware of your devotion.
You were not hungry.

You visited 1 branch of the dungeon, and saw 2 of its levels.
You visited the Abyss 1 time.

You collected 29 gold pieces.

Inventory:

Hand Weapons
 a - a +2 mace (weapon)
Scrolls
 e - 2 scrolls of random uselessness
Comestibles
 b - a ration


   Skills:
 + Level 3.4 Fighting
 + Level 2.4 Maces & Flails
 + Level 2.6 Dodging
 * Level 1.6 Stealth
 + Level 2.1 Invocations


You had 2 spell levels left.
You didn't know any spells.
Your spell library was empty.

Dungeon Overview and Level Annotations

Branches:
Dungeon (2/15)

Altars:

Annotations:
D:2 Natasha


Innate Abilities, Weirdness & Mutations

You cannot wear most types of armour.
You are very stealthy in the water. (Stealth+)
You are amphibious.
You can wear up to eight rings at the same time.
You can use your tentacles to constrict eight enemies at once.
Your skin changes colour to match your surroundings (Stealth+).
Your rubbery body absorbs attacks. (AC +1, EV +1)


Message History

Okay, then.
You feel better. The frilled lizard bites you.
* * * LOW HITPOINT WARNING * * *
Natasha barely misses you. The goblin hits you with a +0 club.
* * * LOW HITPOINT WARNING * * *
The iron imp shouts, "Bolt, thou goatish clapper-clawed apple-john!"
The frilled lizard bites you.
* * * LOW HITPOINT WARNING * * *
Natasha mumbles some strange words.
Natasha glows brightly for a moment.
Natasha misses you. The goblin hits you but does no damage.
The iron imp disappears in a puff of smoke!
Natasha barely misses you.
Natasha wildly gestures.
You feel troubled. Natasha barely misses you.
Natasha stares at you and mumbles some strange words.
You feel as though you will be slow longer.
Natasha claws you.
You die...

#..†.# #.. #.##.#
## #.##.#
#.##.##########.
#.#.............
#....#####.#.#..
##...# ......
.#####...#####(..#
........gh@......#
#####..l###.....#
#...# #.##..#
#...###.## .#
#.§....... ####
##...##### ...#
#######...#
...####....##...#
.)?...5..g......#


You could see Natasha, a goblin and a frilled lizard.

Vanquished Creatures
  An adder (D:2)
  A dart slug (D:1)
  2 bats (D:1)
  A giant cockroach (D:2)
  2 goblins
  2 hobgoblins
  2 jackals (D:1)
  A ball python (D:1)
  3 frilled lizards (D:1)
  2 kobolds (D:1)
  3 rats
20 creatures vanquished.

Notes
Turn   | Place    | Note
-------+----------+-------------------------------------------
     0 | Abyss:1  | Masnef the Octopode Abyssal Knight began the quest for the
                  | Orb.
     0 | Abyss:1  | Reached XP level 1. HP: 16/16 MP: 2/2
    79 | Abyss:1  | Noticed a chaos spawn
    79 | Abyss:1  | Noticed a tentacled starspawn
    80 | D:1      | Escaped the Abyss
   250 | D:1      | Reached XP level 2. HP: 13/21 MP: 3/3
   374 | D:1      | Reached * piety under Lugonu
   462 | D:1      | Reached skill level 1 in Stealth
   825 | D:2      | Found a faded altar of an unknown god.
   892 | D:2      | Noticed Natasha
   895 | D:2      | Reached XP level 3. HP: 16/26 MP: 4/4
   914 | D:2      | HP: 1/26 [Natasha/magic dart (8)]
   921 | D:2      | Slain by Natasha

Skill      XL: |  1  2 |
---------------+-------+-----
Stealth        | 1 |  1.6
Fighting       | |  3.4
Maces & Flails | |  2.4
Dodging        | |  2.6
Invocations    | |  2.1

Action                   || total
-------------------------++-------
Melee: Mace              ||    37
       Constrict         ||    11
       Tentacles         ||     8
Invok: Depart the Abyss  ||     1
  Use: Scroll            ||     2
       Potion            ||     2
 Stab: Sleeping          ||     5
Armor: Skin              ||     4
Dodge: Dodged            ||    33
